 Dungeon Crawl Stone Soup version 0.30-a0-172-gc5509c9e31 (webtiles) character file.

Game seed: 3916033628548481117

3999 qw the Cleaver (level 10, 0/64 HPs)
             Began as a Gargoyle Fighter on Oct 1, 2022.
             Was a Priest of Okawaru.
             Slain by a centaur warrior skeleton (6 damage)
             ... on level 7 of the Dungeon.
             The game lasted 00:02:41 (7199 turns).

qw the Cleaver (Gargoyle Fighter)                   Turns: 7199, Time: 00:02:41

Health: 0/64       AC: 28    Str: 24    XL:     10   Next: 23%
Magic:  10/13      EV: 14    Int:  9    God:    Okawaru [***...]
Gold:   295        SH:  5    Dex:  9    Spells: 9/9 levels left

rFire   . . .      SeeInvis .    Y - +1 war axe (flame)
rCold   . . .      Faith    .    c - +0 buckler
rNeg    + . .      Spirit   .    e - +0 chain mail
rPois   inf        Reflect  .    o - +0 helmet
rElec   +          Harm     .    g - +0 cloak
rCorr   .          Rampage  .    p - +1 pair of gloves
Will    +....                    (no boots)
Stlth   ..........               (no amulet)
HPRegen 0.30/turn                n - ring "Qackuwop" {Will+ AC+4}
MPRegen 0.13/turn                l - +4 ring of evasion

@: heroic
A: sickness immunity, AC +7, negative energy resistance 1, electricity
resistance, torment resistance 1, petrification resistance
a: Renounce Religion, Heroism


You were on level 7 of the Dungeon.
You worshipped Okawaru.
Okawaru was most pleased with you.
You visited 2 branches of the dungeon, and saw 8 of its levels.

You collected 415 gold pieces.
You spent 120 gold pieces at shops.


Innate Abilities, Weirdness & Mutations

You are immune to sickness and miasma.
Your stone body is resilient. (AC +7)
You are immune to poison.
You resist negative energy. (rN+)
You are resistant to electric shocks. (rElec)
You are resistant to unholy torment.
You are immune to petrification.


   Skills:
 + Level 7.7(12.7) Fighting
 - Level 10.2(15.2) Axes
 - Level 1.1(6.1) Throwing
 - Level 6.3(11.3) Armour
 - Level 1.0(6.0) Dodging
 - Level 4.0(9.0) Shields
 - Level 4.1 Invocations


You had 9 spell levels left.
You didn't know any spells.
Your spell library was empty.

Inventory:

Hand Weapons
 Y - a +1 war axe of flaming (weapon)
Missiles
 a - 2 boomerangs (quivered)
Armour
 b - the +2 kite shield "Ulaed" {-Tele Fly Str+4 Int+4}
   (You acquired it on level 2 of the Dungeon)

   Str:       It affects your strength (+4).
   Int:       It affects your intelligence (+4).
   Fly:       It grants you flight.
   -Tele:     It prevents most forms of teleportation.
 c - a +0 buckler (worn)
 e - a +0 chain mail (worn)
 g - a +0 cloak (worn)
 o - a +0 helmet (worn)
 p - a +1 pair of gloves (worn)
Jewellery
 l - a +4 ring of evasion (right hand)
 n - the ring "Qackuwop" (left hand) {Will+ AC+4}
   (You acquired it on level 4 of the Dungeon)

   [ring of protection]

   AC:        It affects your AC (+4).
   Will:      It increases your willpower.
Scrolls
 h - a scroll of noise {unknown}
 s - 5 scrolls of identify
Potions
 d - a potion of might
 f - a potion of cancellation
 j - a potion of lignification
 k - 5 potions of curing
 r - a potion of resistance
 t - a potion of haste

Dungeon Overview and Level Annotations

Branches:
Dungeon (7/15)             Temple (1/1) D:5

Altars:
Ashenzari
Dithmenos
Elyvilon
Fedhas
Gozag
Kikubaaqudgha
Makhleb
Nemelex Xobeh
Okawaru
Ru
Sif Muna
Trog
Uskayaw
Vehumet
Wu Jian
Yredelemnul
Zin
The Shining One

Shops:
D:1 [   D:5 :   D:7 ?

Annotations:
D:6 2 transporters


Message History

The centaur closely misses you.
You hit the centaur but do no damage.
The centaur is moderately wounded.
You hit the wolf spider zombie. You burn the wolf spider zombie.
The wolf spider zombie hits you but does no damage.
The wolf spider zombie bites you but does no damage.
The centaur hits you but does no damage.
The centaur barely misses you.
You hit the centaur. You burn the centaur.
The centaur is heavily wounded.
You slash the wolf spider zombie! You burn the wolf spider zombie.
The centaur hits you but does no damage.
You block the centaur's attack.
The wolf spider zombie hits you but does no damage.
The wolf spider zombie barely misses you.
You slash the centaur! You burn the centaur.
The centaur is almost dead.
You slash the wolf spider zombie! You burn the wolf spider zombie.
You feel like a meek peon again. You block the centaur's attack.
The centaur kicks you but does no damage.
The wolf spider zombie hits you but does no damage.
The wolf spider zombie barely misses you.
7198 ||| INVOKING Heroism.
You gain the combat prowess of a mighty hero.
You block the centaur's attack. The centaur closely misses you.
The wolf spider zombie misses you. x2
The centaur hits you but does no damage.
The centaur misses you.
The shadow imp summons a swarm of flies.
You slash the centaur! You burn the centaur.
You kill the centaur!
Okawaru accepts your kill.
You slash the wolf spider zombie! You burn the wolf spider zombie.
You barely miss the shadow imp. The wolf spider zombie hits you.
The wolf spider zombie closely misses you.
The shadow imp shouts, "Run away, thou feckless clay-brained coxcomb!"
The shadow imp closely misses you. The centaur warrior skeleton hits you.
You die...

. .. #####.8.
##.....P8
###......8.
#..........
#.#@5# .
#.#ZZ# ...
#.#..###cZ...
#......5S8...
##.#.####....
#.#.# . #.#.#
#.#.# #.#..


You could see a shadow imp, a wolf spider zombie and a centaur warrior skeleton.

Vanquished Creatures
  A wolf spider zombie (D:7)
  A centaur zombie (D:7)
  2 hellwings (D:7)
  A troll (D:6)
  A hornet (D:7)
  Sigmund (D:4)
  Eustachio (D:4)
  Menkaure (D:6)
  A water moccasin (D:7)
  An ice beast (D:7)
  An ogre (D:5)
  2 centaurs
  A kobold brigand (D:6)
  A bullfrog (D:7)
  A necrophage (D:7)
  5 scorpions
  8 wights (D:6)
  A howler monkey (D:5)
  2 hounds
  A jelly (D:5)
  An orc priest (D:6)
  A gnoll bouda (D:4)
  Ijyb (D:5)
  4 iguanas
  4 orc wizards
  Robin (D:4)
  5 gnolls (D:4)
  9 adders
  3 shadow imps
  A white imp (D:6)
  3 ufetubi
  4 dart slugs
  10 orcs
  7 ball pythons
  3 bats
  6 endoplasms
  A giant cockroach (D:1)
  12 goblins
  14 hobgoblins
  8 kobolds
  3 quokkas
  4 frilled lizards
  8 rats
147 creatures vanquished.

Vanquished Creatures (others)
  4 withered plants (D:7)
4 creatures vanquished.

Grand Total: 151 creatures vanquished

Notes
Turn   | Place    | Note
-------+----------+-------------------------------------------
     0 | D:1      | qw the Gargoyle Fighter began the quest for the Orb.
     0 | D:1      | Reached XP level 1. HP: 14/14 MP: 1/1
     0 | D:1      | 0 ||| qw: Version: 0.2-a-13-gfc7b4b4
     0 | D:1      | 0 ||| qw: Game counter: 1796
     0 | D:1      | 0 ||| qw: Always use a shield: true
     0 | D:1      | 0 ||| qw: God list: Okawaru
     0 | D:1      | 0 ||| qw: Allow faded altars: false
     0 | D:1      | 0 ||| qw: Do Orc after D:15 true
     0 | D:1      | 0 ||| qw: Do second Lair branch before Depths: true
     0 | D:1      | 0 ||| qw: Lair rune preference: random
     0 | D:1      | 0 ||| qw: Plans: Normal, Zot:1-4, God:TSO, Crypt, Tomb,
                  | Pan, Slime:5, Hells, Abyss, Orb
     0 | D:1      | 0 ||| PLANNING D:1-11
   162 | D:1      | Reached skill level 2 in Axes
   286 | D:1      | Reached XP level 2. HP: 19/19 MP: 2/2
   524 | D:1      | Found Reotenat's Antique Armour Shop.
   536 | D:1      | 536 ||| SHOPLISTING cloak (112 gold, have 49).
   536 | D:1      | 536 ||| SHOPLISTING pair of gloves (112 gold, have 49).
   536 | D:1      | 536 ||| SHOPLISTING runed buckler (187 gold, have 49).
   627 | D:1      | Reached skill level 3 in Axes
   681 | D:1      | Reached XP level 3. HP: 23/23 MP: 3/3
   965 | D:1      | 965 ||| UPGRADING to +0 chain mail.
   975 | D:1      | 975 ||| DROPPING +0 scale mail.
   976 | D:1      | 976 ||| UPGRADING to +4 ring of evasion.
   977 | D:1      | 977 ||| UPGRADING to +6 ring of dexterity.
   978 | D:1      | 978 ||| READING scroll labelled ZUTWIRPH KIETT.
   979 | D:1      | 979 ||| READING scroll labelled PUANTYE SIMEXA.
   980 | D:1      | 980 ||| DRINKING 2 fizzy blue potions.
  1150 | D:2      | 1150 ||| Stepping ~*~*~tactically~*~*~ (hiding).
  1960 | D:2      | Found a faded altar of an unknown god.
  1960 | D:2      | Noticed a shining eye
  1964 | D:2      | Noticed a great orb of eyes
  2000 | D:2      | Noticed an eye of devastation
  2022 | D:2      | Noticed a shining eye
  2446 | D:2      | 2446 ||| UPGRADING to +0 helmet.
  2451 | D:2      | 2451 ||| UPGRADING to +0 pair of gloves.
  2456 | D:2      | 2456 ||| READING scroll labelled KYOSEXKIL OSIN.
  2457 | D:2      | 2457 ||| READING scroll labelled SOWNOUQ IXTO.
  2457 | D:2      | Identified a scroll of acquirement
  2457 | D:2      | 2457 ||| ACQUIRING +2 kite shield "Ulaed" {-Tele Fly Str+4
                  | Int+4}
  2457 | D:2      | Acquired the +2 kite shield "Ulaed" {-Tele Fly Str+4 Int+4}
  2459 | D:2      | 2459 ||| DRINKING 2 puce potions.
  2460 | D:2      | 2460 ||| DRINKING 2 gluggy clear potions.
  2461 | D:2      | 2461 ||| DROPPING potion of flight.
  2541 | D:3      | 2541 ||| Stepping ~*~*~tactically~*~*~ (stealth).
  2543 | D:3      | 2543 ||| Stepping ~*~*~tactically~*~*~ (stealth).
  2546 | D:3      | Reached XP level 4. HP: 28/28 MP: 4/4
  2560 | D:3      | 2560 ||| Stepping ~*~*~tactically~*~*~ (hiding).
  2570 | D:3      | 2570 ||| FLEEEEING.
  2571 | D:3      | 2571 ||| FLEEEEING.
  2572 | D:3      | 2572 ||| FLEEEEING.
  2573 | D:3      | 2573 ||| FLEEEEING.
  2577 | D:3      | 2577 ||| FLEEEEING.
  2578 | D:3      | 2578 ||| FLEEEEING.
  2579 | D:3      | 2579 ||| FLEEEEING.
  2580 | D:3      | 2580 ||| FLEEEEING.
  2581 | D:3      | 2581 ||| STAIRDANCE
  2622 | D:3      | 2622 ||| STAIRDANCE
  2632 | D:3      | Reached skill level 4 in Axes
  2862 | D:3      | 2862 ||| Stepping ~*~*~tactically~*~*~ (hiding).
  3022 | D:3      | Reached skill level 1 in Dodging
  3049 | D:3      | Reached XP level 5. HP: 32/32 MP: 5/5
  3101 | D:3      | Found a hide-covered altar of Uskayaw.
  3231 | D:3      | 3231 ||| DROPPING ring of magical power.
  3232 | D:3      | 3232 ||| READING scroll labelled QURURE YG PUEM.
  3237 | D:3      | 3237 ||| READING scroll labelled BEALOE CELISCH.
  3238 | D:3      | 3238 ||| READING 3 scrolls labelled GEWKUL RIHIENUE.
  3239 | D:3      | 3239 ||| DRINKING 2 murky grey potions.
  3268 | D:3      | 3268 ||| READING 2 scrolls of identify.
  3268 | D:3      | 3268 ||| IDENTIFYING purple potion
  3269 | D:3      | 3269 ||| DROPPING potion of berserk rage.
  3270 | D:3      | 3270 ||| DROPPING 2 scrolls of immolation.
  3290 | D:4      | Reached skill level 5 in Axes
  3290 | D:4      | 3290 ||| STAIRDANCE
  3321 | D:4      | Noticed Eustachio
  3373 | D:4      | Killed Eustachio
  3374 | D:4      | Reached XP level 6. HP: 16/40 MP: 6/6
  3544 | D:4      | 3544 ||| Stepping ~*~*~tactically~*~*~ (stealth).
  3548 | D:4      | 3548 ||| Stepping ~*~*~tactically~*~*~ (stealth).
  3549 | D:4      | 3549 ||| Stepping ~*~*~tactically~*~*~ (stealth).
  3668 | D:4      | HP: 7/40 [gnoll/+0 spear[a gnoll bouda] (7)]
  3669 | D:4      | 3669 ||| DRINKING 2 potions of heal wounds.
  3679 | D:4      | Reached XP level 7. HP: 18/44 MP: 7/7
  3818 | D:4      | Reached skill level 6 in Axes
  3961 | D:4      | 3961 ||| Stepping ~*~*~tactically~*~*~ (stealth).
  3963 | D:4      | 3963 ||| Stepping ~*~*~tactically~*~*~ (stealth).
  3974 | D:4      | 3974 ||| Stepping ~*~*~tactically~*~*~ (stealth).
  3982 | D:4      | Noticed Robin
  3988 | D:4      | Killed Robin
  4018 | D:4      | 4018 ||| Stepping ~*~*~tactically~*~*~ (stealth).
  4059 | D:4      | 4059 ||| READING scroll of acquirement.
  4059 | D:4      | 4059 ||| ACQUIRING ring "Qackuwop" {Will+ AC+4}
  4059 | D:4      | Acquired the ring "Qackuwop" {Will+ AC+4}
  4061 | D:4      | 4061 ||| UPGRADING to ring "Qackuwop" {Will+ AC+4}.
  4168 | D:4      | 4168 ||| READING scroll of enchant armour.
  4168 | D:4      | 4168 ||| ENCHANTING +0 pair of gloves.
  4176 | D:4      | 4176 ||| Stepping ~*~*~tactically~*~*~ (stealth).
  4212 | D:4      | Noticed Sigmund
  4217 | D:4      | Killed Sigmund
  4357 | D:4      | Found the Hermit's Pendant {Faith Invo=14 Evo=0 MP+5}
  4652 | D:4      | 4652 ||| UPGRADING to +4 ring of evasion.
  4654 | D:4      | 4654 ||| DROPPING +6 ring of dexterity.
  4655 | D:4      | 4655 ||| READING scroll labelled ARHODE JAAXA.
  4656 | D:4      | 4656 ||| DROPPING +0 hand axe of flaming.
  4657 | D:4      | 4657 ||| DRINKING 2 fizzy silvery potions.
  4674 | D:5      | Entered Level 5 of the Dungeon
  4742 | D:5      | Reached skill level 7 in Axes
  4758 | D:5      | Found Kyhuoc's Book Emporium.
  4758 | D:5      | Identified the +5 sling of Doom {freeze, Int+3}
  4790 | D:5      | Noticed Ijyb
  4791 | D:5      | 4791 ||| Stepping ~*~*~tactically~*~*~ (hiding).
  4803 | D:5      | Killed Ijyb
  4859 | D:5      | 4859 ||| Stepping ~*~*~tactically~*~*~ (stealth).
  4864 | D:5      | 4864 ||| Stepping ~*~*~tactically~*~*~ (stealth).
  4879 | D:5      | Reached XP level 8. HP: 48/49 MP: 8/8
  5060 | D:5      | 5060 ||| Stepping ~*~*~tactically~*~*~ (stealth).
  5114 | D:5      | Found a staircase to the Ecumenical Temple.
  5115 | D:5      | 5115 ||| PLANNING TEMPLE
  5115 | D:5      | 5115 ||| UPGRADING to +0 cloak.
  5120 | D:5      | 5120 ||| READING scroll labelled IBRIOV CUTUCH.
  5121 | D:5      | 5121 ||| READING scroll labelled XIEKHAW LIOM.
  5122 | D:5      | 5122 ||| READING scroll labelled GATYUCZIRROWIUNG.
  5123 | D:5      | 5123 ||| READING 4 scrolls of identify.
  5123 | D:5      | 5123 ||| IDENTIFYING brown potion
  5124 | D:5      | 5124 ||| READING 3 scrolls of identify.
  5124 | D:5      | 5124 ||| IDENTIFYING clear potion
  5125 | D:5      | 5125 ||| READING 2 scrolls of identify.
  5125 | D:5      | 5125 ||| IDENTIFYING orange potion
  5126 | D:5      | 5126 ||| DROPPING potion of degeneration.
  5127 | D:5      | 5127 ||| DROPPING potion of brilliance.
  5136 | Temple   | Entered the Ecumenical Temple
  5157 | Temple   | 5157 ||| PLANNING OKAWARU WORSHIP
  5329 | Temple   | Became a worshipper of Warmaster Okawaru
  5330 | Temple   | 5330 ||| PLANNING D:1-11
  5390 | D:5      | 5390 ||| Stepping ~*~*~tactically~*~*~ (stealth).
  5391 | D:5      | 5391 ||| Stepping ~*~*~tactically~*~*~ (stealth).
  5744 | D:6      | 5744 ||| Stepping ~*~*~tactically~*~*~ (stealth).
  5753 | D:6      | Reached skill level 8 in Axes
  5765 | D:6      | 5765 ||| FLEEEEING.
  5766 | D:6      | 5766 ||| FLEEEEING.
  5767 | D:6      | 5767 ||| FLEEEEING.
  5768 | D:6      | 5768 ||| FLEEEEING.
  5769 | D:6      | 5769 ||| FLEEEEING.
  5770 | D:6      | 5770 ||| FLEEEEING.
  5771 | D:6      | 5771 ||| FLEEEEING.
  5772 | D:6      | 5772 ||| FLEEEEING.
  5773 | D:6      | 5773 ||| FLEEEEING.
  5774 | D:6      | 5774 ||| FLEEEEING.
  5775 | D:6      | 5775 ||| FLEEEEING.
  5776 | D:6      | 5776 ||| FLEEEEING.
  5777 | D:6      | 5777 ||| FLEEEEING.
  5850 | D:6      | Reached skill level 6 in Fighting
  5939 | D:6      | 5939 ||| Stepping ~*~*~tactically~*~*~ (hiding).
  5949 | D:6      | Reached skill level 1 in Throwing
  5955 | D:6      | HP: 10/51 [wight/+0 war axe (7)]
  5956 | D:6      | 5956 ||| READING 2 scrolls of teleportation.
  5957 | D:6      | 5957 ||| DRINKING 2 potions of heal wounds.
  6172 | D:6      | Reached * piety under Okawaru
  6208 | D:6      | Noticed a troll
  6209 | D:6      | 6209 ||| INVOKING Heroism.
  6219 | D:6      | Killed a troll
  6220 | D:6      | Reached skill level 9 in Axes
  6220 | D:6      | Reached XP level 9. HP: 48/55 MP: 7/10
  6348 | D:6      | Found a transporter.
  6390 | D:6      | Noticed Menkaure
  6391 | D:6      | 6391 ||| INVOKING Heroism.
  6393 | D:6      | Killed Menkaure
  6394 | D:6      | Reached skill level 3 in Invocations
  6544 | D:6      | Found a transporter.
  6587 | D:6      | 6587 ||| Stepping ~*~*~tactically~*~*~ (hiding).
  6848 | D:6      | 6848 ||| READING 2 scrolls of identify.
  6848 | D:6      | 6848 ||| IDENTIFYING metallic grey potion
  6938 | D:7      | Found Leibb's Magic Scroll Shoppe.
  6943 | D:7      | 6943 ||| BUYING scroll of identify (30 gold).
  6943 | D:7      | Bought a scroll of identify for 30 gold pieces
  6943 | D:7      | 6943 ||| BUYING scroll of identify (30 gold).
  6943 | D:7      | Bought a scroll of identify for 30 gold pieces
  6943 | D:7      | 6943 ||| BUYING scroll of identify (30 gold).
  6943 | D:7      | Bought a scroll of identify for 30 gold pieces
  6943 | D:7      | 6943 ||| BUYING scroll of identify (30 gold).
  6943 | D:7      | Bought a scroll of identify for 30 gold pieces
  7010 | D:7      | Noticed a hornet
  7020 | D:7      | 7020 ||| INVOKING Heroism.
  7028 | D:7      | Killed a hornet
  7156 | D:7      | 7156 ||| INVOKING Heroism.
  7156 | D:7      | Noticed a hellwing
  7163 | D:7      | Reached ** piety under Okawaru
  7168 | D:7      | Noticed a hellwing
  7175 | D:7      | HP: 11/57 [hellwing (4)]
  7176 | D:7      | 7176 ||| READING scroll of teleportation.
  7177 | D:7      | 7177 ||| DRINKING potion of heal wounds.
  7179 | D:7      | Killed a hellwing
  7180 | D:7      | Reached skill level 10 in Axes
  7180 | D:7      | Reached XP level 10. HP: 21/63 MP: 13/13
  7182 | D:7      | Reached skill level 6 in Armour
  7182 | D:7      | 7182 ||| INVOKING Heroism.
  7185 | D:7      | HP: 7/63 [hellwing (11)]
  7186 | D:7      | Reached *** piety under Okawaru
  7198 | D:7      | 7198 ||| INVOKING Heroism.
  7199 | D:7      | HP: 6/64 [wolf spider zombie (5)]
  7199 | D:7      | Slain by a centaur warrior skeleton

Levels and vault maps discovered:
D:1:      psy_arrival_basics, layout_loops_corners, serial_shops,
          nicolae_shop_advertising_works [nicolae_subvault_shop_adworks]
D:2:      layout_basic, serial_co_window_serial, co_window_corner_a,
          co_window_of_opportunity_a, co_window_paths_a, co_window_corner_a,
          co_window_corner_a, co_window_paths_b, co_window_of_opportunity_c,
          co_window_broadway_a, co_window_of_opportunity_c, co_window_2corner,
          co_window_4corner_a, co_window_paths_d, glass_columns_a,
          glass_columns_b, glass_columns_b,
          hellmonk_ecumenical_altar_watching_god, grunt_ministairs_4
D:3:      layout_loops_cross, lemuel_doored_altar
D:4:      layout_layer_cave, uniq_sigmund, uniq_robin, uniq_eustachio
D:5:      layout_basic, minmay_temple_entry_drinking_statues, serial_shops,
          nicolae_shop_hallway_plus, uniq_ijyb
D:6:      gammafunk_cloud_chamber, layout_basic, corexii_corridor_pit,
          roderic_serpentine_path, hex_medium, kennysheep_generic_room_7,
          uniq_menkaure
D:7:      cheibrodos_grave_circle, layout_loops_ring, serial_shops, shop, shop,
          nicolae_shop_trees
Temple:   nicolae_temple_bog_church

Skill      XL: |  1  2  3  4  5  6  7  8  9 10 |
---------------+-------------------------------+-----
Axes           | 2 3 4 5 7 9 10 | 10.2
Dodging        | 1 |  1.0
Fighting       | 4 5 6 7 |  7.7
Armour         | 4 5 6 |  6.3
Throwing       | 1 |  1.1
Invocations    | 2 4 |  4.1
Shields        | 4 |  4.0

Action                   |  1- 3 |  4- 6 |  7- 9 | 10-12 || total
-------------------------+-------+-------+-------+-------++-------
Melee: War axe           |    89 |   161 |   257 |    18 ||   525
Throw: Boomerang         |       |       |    30 |       ||    30
Invok: Heroism           |       |       |     4 |     2 ||     6
  Use: Scroll            |     4 |     4 |    12 |       ||    20
       Potion            |     3 |     2 |     3 |       ||     8
Armor: Scale mail        |    18 |       |       |       ||    18
       Chain mail        |     9 |   123 |   137 |    14 ||   283
Dodge: Dodged            |    36 |   129 |   155 |    25 ||   345
Block: Buckler           |    13 |    63 |    63 |     5 ||   144

Table legend:
 A = Non-vault XP
 B = Vault XP
 C = Vault XP percentage of total XP
 D = Non-vault monster count
 E = Vault monster count
 F = Vault count percentage of total count
                 A         B        C        D         E       F
            +---------+---------+-------+---------+---------+-------
      Total |    3378 |    2448 |  42.0 |     123 |      24 |  16.3
            +---------+---------+-------+---------+---------+-------
        D:1 |      34 |       0 |   0.0 |      19 |       0 |   0.0
        D:2 |      42 |       3 |   6.7 |      16 |       2 |  11.1
        D:3 |     127 |       0 |   0.0 |      17 |       0 |   0.0
        D:4 |     371 |     438 |  54.1 |      24 |      13 |  35.1
        D:5 |     466 |      36 |   7.2 |      11 |       1 |   8.3
        D:6 |    1495 |     190 |  11.3 |      30 |       3 |   9.1
        D:7 |     843 |    1781 |  67.9 |       6 |       5 |  45.5
            +---------+---------+-------+---------+---------+-------
